 Dungeon Crawl Stone Soup version 0.25-a0-502-g6516661 (webtiles) character file.

Game seed: 5198097005501496869, levelgen mode: deterministic

154 15 the Ruffian (level 5, -14/61 HPs)
             Began as a Draconian Transmuter on Feb 12, 2020.
             Demolished by an orc warrior
             ... wielding a +0 halberd
              (22 damage)
             ... on level 3 of the Dungeon.
             The game lasted 00:09:25 (2693 turns).

15 the Ruffian (Draconian Transmuter)               Turns: 2693, Time: 00:09:25

Health: -14/61     AC:  6    Str: 18 (19) XL:     5   Next: 13%
Magic:  6/9        EV: 12    Int: 11 (13) God:
Gold:   127        SH:  0    Dex:  9 (11) Spells: 0/10 levels left

rFire    . . .     SeeInvis .     - Unarmed
rCold    . . .     Gourm    .   (no shield)
rNeg     . . .     Faith    .   (armour unavailable)
rPois    .         Spirit   .   (helmet restricted)
rElec    .         Reflect  .   (no cloak)
rCorr    .         Harm     .   n - +0 pair of gloves
MR       .....                  (no boots)
Stlth    ..........             o - amulet of regeneration
HPRegen  0.60/turn              p - ring of wizardry
MPRegen  0.11/turn              (no ring)

@: berserking, very slightly contaminated, very quick
A: unfitting armour, cold-blooded, AC +5
a: no special abilities


You were on level 3 of the Dungeon.
You were not hungry.

You visited 1 branch of the dungeon, and saw 3 of its levels.

You collected 127 gold pieces.

Inventory:

Missiles
 a - 53 arrows
Armour
 n - a +0 pair of gloves (worn)
Jewellery
 b - an uncursed amulet of magic regeneration
 g - an uncursed ring of ice
 o - an amulet of regeneration (around neck)
 p - a ring of wizardry (left hand)
Scrolls
 d - 2 scrolls of fear {unknown}
 e - a scroll of magic mapping
 h - 2 scrolls of enchant armour {unknown}
 i - 2 scrolls of remove curse {unknown}
 q - a scroll of teleportation
Potions
 j - a potion of curing {unknown}
 k - a potion of lignification {unknown}
 m - a potion of brilliance {unknown}
Comestibles
 c - 6 rations
 l - 5 chunks of flesh


   Skills:
 * Level 1.9 Fighting
 * Level 2.5 Dodging
 + Level 0.2 Stealth
 + Level 3.9 Unarmed Combat
 * Level 3.1 Spellcasting
 * Level 2.7 Transmutations


You couldn't memorise any spells.
You knew the following spells:

 Your Spells              Type           Power        Failure   Level  Hunger
a - Beastly Appendage     Tmut           #.....       3%          1    #......
b - Sticks to Snakes      Tmut           #.......     5%          2    ###....
c - Spider Form           Tmut/Pois      #.........   17%         3    ###....
d - Ice Form              Ice/Tmut       #.......     47%         4    #####..

Your spell library contained the following spells:

 Spells                   Type           Power        Failure   Level  Hunger
 Summon Small Mammal      Summ           #...         11%         1    #......
 Call Imp                 Summ           #.......     16%         2    ###....
 Call Canine Familiar     Summ           #.......     30%         3    ###....
 Summon Guardian Golem    Hex/Summ       #.......     30%         3    ###....
 Blade Hands              Tmut           #.........   65%         5    ######.
 Summon Ice Beast         Ice/Summ       #.......     67%         4    #####..
 Summon Lightning Spire   Summ/Air       #.......     67%         4    #####..


Dungeon Overview and Level Annotations

Branches:
Dungeon (3/15)

Altars:
Ashenzari


Innate Abilities, Weirdness & Mutations

Your plain brown scales are hard. (AC +5)
You cannot fit into any form of body armour.
You are cold-blooded and may be slowed by cold attacks.


Message History

Confirm with . or Enter, or press ? or * to list all spells.
You miscast Spider Form.
You are very lightly contaminated with residual magic.
You feel weak for a moment.
The orc warrior hits you from afar with a +0 halberd!
A red film seems to cover your vision as you go berserk!
You feel yourself moving faster!
You feel mighty!
The orc warrior hits you from afar with a +0 halberd!!
* * * LOW HITPOINT WARNING * * *
You hear a shout!
You feel a strong urge to attack something.
The orc shouts!
You barely miss the orc warrior. You barely miss the orc warrior.
The orc warrior hits you with a +0 halberd!
* * * LOW HITPOINT WARNING * * *
You punch the orc warrior!
The orc warrior is moderately wounded.
The orc warrior hits you with a +0 halberd!!
You die...

.......# ####. ........# ##.
........# # #.. #..####.. #[
##############.# #..# ####
..####..........##..# #....##..
................#.## #....#
#...............#
#..o.########..............##
..o..##..o....##@..<...(......#
..o #.......lo..............# .
#......o##..............###
###########...............)
##..........##### ############


You could see an orc warrior, an orc and a frilled lizard.

Vanquished Creatures
  Jessica (D:2)
  3 gnolls (D:2)
  2 adders
  2 oozes
  2 leopard geckos (D:2)
  An orc (D:3)
  8 bats
  2 giant cockroaches
  8 goblins
  9 hobgoblins
  10 jackals
  A ball python (D:3)
  6 frilled lizards
  5 kobolds
  4 rats
64 creatures vanquished.

Vanquished Creatures (collateral kills)
  An adder (D:3)
1 creature vanquished.

Grand Total: 65 creatures vanquished

Notes
Turn   | Place    | Note
-------+----------+-------------------------------------------
     0 | D:1      | 15 the Draconian Transmuter began the quest for the Orb.
     0 | D:1      | Reached XP level 1. HP: 16/16 MP: 3/3
    39 | D:1      | Found a shattered altar of Ashenzari.
   114 | D:1      | Reached XP level 2. HP: 12/23 MP: 5/5
   356 | D:1      | Learned a level 2 spell: Sticks to Snakes
   926 | D:1      | Reached XP level 3. HP: 28/28 MP: 6/6
  1287 | D:2      | You fall into a shaft and drop 1 floor!
  1587 | D:2      | Upgraded the game from 0.25-a0-492-g44cc58d to
                  | 0.25-a0-502-g6516661
  1609 | D:2      | Learned a level 3 spell: Spider Form
  1632 | D:2      | Reached XP level 4. HP: 35/36 MP: 7/7
  1649 | D:2      | Noticed Jessica
  1654 | D:2      | Killed Jessica
  2010 | D:2      | Reached XP level 5. HP: 12/41 MP: 9/9
  2606 | D:3      | Learned a level 4 spell: Ice Form
  2677 | D:3      | Noticed an orc warrior
  2693 | D:3      | Demolished by an orc warrior

Levels and vault maps discovered:
D:1:      elethiomel_arrival_shortcut, layout_loops_corners,
          evilmike_ruin_ashenzari
D:2:      layout_loops_ring, serial_forest, infiniplex_forest_lined_3_way,
          infiniplex_forest_3_way, infiniplex_forest_end_1,
          infiniplex_forest_clump_medium, infiniplex_forest_lined_2,
          infiniplex_forest_clump_diagonal, infiniplex_forest_clump_curved,
          infiniplex_forest_zigzag_1, infiniplex_forest_lined_corner,
          uniq_jessica
D:3:      layout_rooms, first_ration, tgw_xom

Skill      XL: |  1  2  3  4 |
---------------+-------------+-----
Dodging        | 2 |  2.5
Spellcasting   | 3 |  3.1
Fighting       | |  1.9
Stealth        | |  0.2
Unarmed Combat | |  3.9
Transmutations | |  2.7

Action                   |  1- 3 |  4- 6 || total
-------------------------+-------+-------++-------
Melee: Unarmed           |   137 |   108 ||   245
       Kick              |     3 |     3 ||     6
       Tailslap          |     9 |    12 ||    21
       Headbutt          |     5 |       ||     5
       Punch             |       |     1 ||     1
 Cast: Beastly Appendage |    10 |     4 ||    14
       Sticks to Snakes  |     2 |     1 ||     3
  Use: Scroll            |     4 |     1 ||     5
       Potion            |       |     3 ||     3
 Stab: Sleeping          |     1 |       ||     1
  Eat: Chunk             |     3 |     4 ||     7
Armor: Skin              |    41 |    25 ||    66
Dodge: Dodged            |    93 |    64 ||   157

Table legend:
 A = Non-vault XP
 B = Vault XP
 C = Vault XP percentage of total XP
 D = Non-vault monster count
 E = Vault monster count
 F = Vault count percentage of total count
                 A         B        C        D         E       F
            +---------+---------+-------+---------+---------+-------
      Total |     183 |      37 |  16.8 |      64 |       1 |   1.5
            +---------+---------+-------+---------+---------+-------
        D:1 |      44 |       0 |   0.0 |      24 |       0 |   0.0
        D:2 |     106 |      37 |  25.9 |      29 |       1 |   3.3
        D:3 |      33 |       0 |   0.0 |      11 |       0 |   0.0
            +---------+---------+-------+---------+---------+-------
